 Dungeon Crawl Stone Soup version 0.31-a0-702-gf82c85558f (webtiles) character file.

Game seed: 16956807352326474865

7368 qw the Skirmisher (level 11, -3/71 HPs)
             Began as a Gargoyle Hunter on Sept 8, 2023.
             Was a Believer of Okawaru.
             Slain by a death yak (11 damage)
             ... on level 10 of the Dungeon.
             The game lasted 00:04:44 (9743 turns).

qw the Skirmisher (Gargoyle Hunter)                 Turns: 9743, Time: 00:04:45

Health: -3/71      AC: 19    Str: 16    XL:     11   Next: 14%
Magic:  13/14      EV: 17    Int:  9    God:    Okawaru [**....]
Gold:   218        SH:  0    Dex: 17    Spells: 10/10 levels left

rFire   . . .        Y - +1 hand cannon
rCold   + . .        (no shield)
rNeg    + . .        d - +3 leather armour {rC+}
rPois   inf          (no helmet)
rElec   +            a - +0 cloak
rCorr   .            (no gloves)
SInv    .            e - +2 pair of boots
Will    .....        (no amulet)
Stlth   +++          (no ring)
HPRegen 0.31/turn    (no ring)
MPRegen 0.14/turn

%: no passive effects
@: about to teleport, heroic
A: sickness immunity, AC +8, negative energy resistance 1, electricity
resistance, torment resistance 1, petrification resistance
a: Renounce Religion, Heroism


You were on level 10 of the Dungeon.
You worshipped Okawaru.
Okawaru was pleased with you.
You visited 1 branch of the dungeon, and saw 10 of its levels.
You also visited: Ossuary.

You collected 600 gold pieces.
You spent 382 gold pieces at shops.


Innate Abilities, Weirdness & Mutations

You are immune to sickness and miasma.
Your stone body is resilient. (AC +8)
You are immune to poison.
You resist negative energy. (rN+)
You are resistant to electric shocks. (rElec)
You are resistant to unholy torment.
You are immune to petrification.


   Skills:
 - Level 9.0(14.0) Fighting
 + Level 13.6(18.6) Ranged Weapons
 - Level 3.6(8.6) Armour
 - Level 4.0(9.0) Dodging
 - Level 1.1(6.1) Stealth
 - Level 4.0 Invocations


You had 10 spell levels left.
You didn't know any spells.
Your spell library was empty.

Inventory:

Hand Weapons
 Y - a +1 hand cannon (weapon)
Armour
 a - a +0 cloak (worn)
 d - a +3 leather armour of cold resistance (worn)
 e - a +2 pair of boots (worn)
 j - a scarf of repulsion
Jewellery
 f - a ring of ice
Scrolls
 b - a scroll of identify
Potions
 c - 4 potions of curing
 g - a potion of enlightenment
 h - a potion of haste
 i - a potion of magic
 k - 2 potions of resistance {unknown}
 l - a potion of lignification {unknown}
 n - a potion of brilliance {unknown}

Dungeon Overview and Level Annotations

Branches:
Dungeon (10/15)            Temple (0/1) D:7            Lair (0/5) D:10
Ossuary (visited)
    Orc: D:9-12

Altars:
Ashenzari
Cheibriados
Dithmenos
Elyvilon
Gozag
Hepliaklqana
Nemelex Xobeh
Okawaru
Qazlal
Ru
Xom
Yredelemnul
Zin

Shops:
D:2 !   D:3 [   D:5 :(   D:10 [

Annotations:
D:7 exclusion: 5 centaurs


Message History

You shoot a bolt.
The bolt hits the death yak but does no damage.
The death yak is lightly wounded.
The death yak gores you but does no damage.
You shoot a bolt.
The bolt hits the death yak but does no damage.
The death yak completely misses you. The death yak gores you!
You shoot a bolt. The bolt hits the death yak!
The death yak is lightly wounded.
The death yak gores you! x2
You shoot a bolt. The bolt hits the death yak!
The death yak is moderately wounded.
The death yak misses you. The death yak barely misses you.
You shoot a bolt. The bolt hits the death yak!!
The death yak is severely wounded.
The death yak closely misses you.
The death yak gores you but does no damage.
You shoot a bolt.
The bolt completely misses the death yak.
The bolt hits the death yak.
The death yak is lightly wounded.
The death yak gores you! The death yak barely misses you.
You shoot a bolt. The bolt hits the death yak!!
You kill the death yak!
Okawaru is honoured by your kill.
The death yak gores you but does no damage.
You shoot a bolt.
The bolt hits the death yak but does no damage.
The death yak is lightly wounded.
The death yak completely misses you.
The death yak gores you but does no damage.
You shoot a bolt. The bolt hits the death yak.
The death yak is lightly wounded.
The death yak gores you!
The death yak gores you but does no damage.
9743 ||| READING scroll of teleportation.
As you read the scroll of teleportation, it crumbles to dust.
You feel strangely unstable. The death yak misses you. The death yak gores you!
You die...

#...........#....#.......
............#....#.#####. #....#
##.........#....#.# #....#
#.......#####..#.# #....#
#......##...##.#.# #....#
#.....##..8..###.# #....#
#...¤Y#¤¤.....##.# . +....#
#..¤YY#¤.¤_...##.#####. #....#
#..¤YY@.}¤..}.#........
##....#####..####¤.._...#........
.............# #.......#........
..........Y..# ##..8..##........
...........Y## ##...##.........
.###'####Y..# #####+.........
.#......#..Y# #.........
.#......#...+ #.......<.
.#......#...# #.........


You could see 5 death yaks.

Vanquished Creatures
  A death yak (D:10)
  Pikel (D:6)
  Jeremiah (D:7)
  A shadow (D:9)
  4 yaks (D:9)
  2 steam dragons
  Menkaure (D:6)
  A water moccasin (D:7)
  Duvessa (D:7)
  3 orc warriors
  4 ice beasts
  A sky beast (D:7)
  2 ogres (D:5)
  4 centaurs
  2 phantoms
  3 kobold brigands
  6 bullfrogs
  A wyvern zombie (D:6)
  2 scorpions
  5 water moccasin zombies (Ossuary)
  9 wights
  2 wyvern skeletons (D:6)
  Dowan (D:7)
  9 killer bees
  5 howler monkeys
  A centaur zombie (D:6)
  A hound (D:5)
  5 orc priests
  3 jellies
  2 iguanas
  Ijyb (D:5)
  2 sleepcaps
  15 orc wizards
  2 killer bee zombies (D:6)
  2 howler monkey zombies (D:6)
  2 mummies (Ossuary)
  4 gnolls (D:5)
  8 adders
  A white imp (D:6)
  3 ufetubi
  4 adder zombies (Ossuary)
  A worm (D:2)
  A dart slug (D:2)
  32 orcs
  7 ball pythons
  9 endoplasms
  4 giant cockroaches
  8 gnoll zombies (Ossuary)
  7 goblins
  9 hobgoblins
  3 jackals (D:5)
  25 kobolds
  5 quokkas
  4 bats
  2 frilled lizards
  A goblin zombie (D:4)
  3 hobgoblin zombies (Ossuary)
  A kobold zombie (Ossuary)
  5 orc zombies (Ossuary)
  A quokka zombie (D:4)
  4 rats
260 creatures vanquished.

Notes
Turn   | Place    | Note
-------+----------+-------------------------------------------
     0 | D:1      | qw the Gargoyle Hunter began the quest for the Orb.
     0 | D:1      | Reached XP level 1. HP: 12/12 MP: 1/1
     0 | D:1      | 0 ||| qw: Version: 0.3-a-76-g4403597
     0 | D:1      | 0 ||| qw: Game counter: 1074
     0 | D:1      | 0 ||| qw: Melee chars always use a shield: true
     0 | D:1      | 0 ||| qw: God list: Okawaru
     0 | D:1      | 0 ||| qw: Allow faded altars: false
     0 | D:1      | 0 ||| qw: Do Orc after clearing Dungeon:15 true
     0 | D:1      | 0 ||| qw: Do second Lair branch before Depths: true
     0 | D:1      | 0 ||| qw: Lair rune preference: random
     0 | D:1      | 0 ||| qw: Goals: Normal
     0 | D:1      | 0 ||| PLANNING D:1-11
    79 | D:1      | Reached XP level 2. HP: 17/17 MP: 2/2
   496 | D:1      | 496 ||| DROPPING ring of wizardry.
   497 | D:1      | 497 ||| READING scroll labelled JENGYCHIYL.
   498 | D:1      | 498 ||| READING scroll labelled JOUXOC MIWKYN.
   499 | D:1      | 499 ||| DROPPING scroll of butterflies.
   541 | D:2      | Reached XP level 3. HP: 21/21 MP: 3/3
   574 | D:2      | Found Bath's Distillery.
   583 | D:2      | 583 ||| SHOPLISTING potion of cancellation (80 gold, have
                  | 39).
   583 | D:2      | 583 ||| BUYING potion of curing (30 gold).
   583 | D:2      | Bought a potion of curing for 30 gold pieces
   583 | D:2      | 583 ||| SHOPLISTING potion of enlightenment (50 gold, have
                  | 9).
   583 | D:2      | 583 ||| SHOPLISTING potion of haste (100 gold, have 9).
   583 | D:2      | 583 ||| SHOPLISTING potion of might (40 gold, have 9).
   594 | D:2      | Reached skill level 5 in Ranged Weapons
   721 | D:2      | Reached skill level 3 in Fighting
   807 | D:2      | Reached XP level 4. HP: 28/28 MP: 4/4
  1555 | D:2      | 1555 ||| UPGRADING to +0 ring mail.
  1565 | D:2      | 1565 ||| DROPPING +0 leather armour.
  1566 | D:2      | 1566 ||| READING scroll labelled PUAM YFEMUH.
  1567 | D:2      | 1567 ||| READING scroll labelled PEUTSU TEOLAWN.
  1568 | D:2      | 1568 ||| READING scroll labelled SEGUUM GUNAAST.
  1569 | D:2      | 1569 ||| READING scroll labelled VYISOILUAM.
  1607 | D:3      | 1607 ||| Stepping ~*~*~tactically~*~*~ (retreating).
  1608 | D:3      | 1608 ||| Stepping ~*~*~tactically~*~*~ (retreating).
  1609 | D:3      | 1609 ||| Stepping ~*~*~tactically~*~*~ (retreating).
  1610 | D:3      | 1610 ||| STAIRDANCE
  1619 | D:3      | 1619 ||| STAIRDANCE
  1627 | D:2      | Reached skill level 1 in Armour
  1675 | D:3      | 1675 ||| STAIRDANCE
  1683 | D:2      | Reached XP level 5. HP: 20/32 MP: 5/5
  1738 | D:3      | 1738 ||| STAIRDANCE
  1740 | D:2      | 1740 ||| DRINKING potion of curing.
  1740 | D:2      | 1740 ||| (to cure confusion)
  1745 | D:2      | Reached skill level 6 in Ranged Weapons
  1909 | D:3      | 1909 ||| FLEEEEING.
  1910 | D:3      | 1910 ||| FLEEEEING.
  1911 | D:3      | 1911 ||| FLEEEEING.
  1912 | D:3      | 1912 ||| FLEEEEING.
  1913 | D:3      | 1913 ||| FLEEEEING.
  1914 | D:3      | 1914 ||| FLEEEEING.
  1916 | D:3      | 1916 ||| STAIRDANCE
  1933 | D:2      | 1933 ||| READING scroll labelled GABESE NUTUM.
  2101 | D:3      | Found Bubor's Armour Shoppe.
  2106 | D:3      | 2106 ||| SHOPLISTING +3 pair of gauntlets of War {Slay+5}
                  | (570 gold, have 58).
  2221 | D:3      | Found a sacrificial altar of Ru.
  2222 | D:3      | Found a broken altar of Ashenzari.
  2223 | D:3      | Found a shadowy altar of Dithmenos.
  2225 | D:3      | Found a snail-covered altar of Cheibriados.
  2227 | D:3      | Found an iron altar of Okawaru.
  2228 | D:3      | 2228 ||| PLANNING OKAWARU WORSHIP
  2228 | D:3      | 2228 ||| UPGRADING to +0 cloak.
  2237 | D:3      | Became a worshipper of Warmaster Okawaru
  2238 | D:3      | 2238 ||| PLANNING D:1-11
  2458 | D:3      | 2458 ||| READING scroll labelled JEIRIPP XIRAU.
  2477 | D:4      | 2477 ||| PLANNING OSSUARY
  2612 | D:4      | 2612 ||| Stepping ~*~*~tactically~*~*~ (outnumbered).
  2614 | D:4      | 2614 ||| Stepping ~*~*~tactically~*~*~ (outnumbered).
  2620 | D:4      | Reached XP level 6. HP: 34/38 MP: 6/6
  2700 | D:4      | Found a sand-covered staircase.
  2701 | D:4      | 2701 ||| READING 2 scrolls of identify.
  2701 | D:4      | 2701 ||| IDENTIFYING fizzy silvery potion
  2702 | D:4      | 2702 ||| DROPPING potion of degeneration.
  2722 | Ossuary  | Entered an ossuary
  2859 | Ossuary  | Reached skill level 7 in Ranged Weapons
  2859 | Ossuary  | Reached XP level 7. HP: 41/43 MP: 7/7
  2948 | Ossuary  | Reached * piety under Okawaru
  2999 | Ossuary  | 2999 ||| INVOKING Heroism.
  3113 | Ossuary  | 3113 ||| DRINKING 2 murky puce potions.
  3114 | Ossuary  | 3114 ||| READING 5 scrolls of identify.
  3114 | Ossuary  | 3114 ||| IDENTIFYING bubbling yellow potion
  3115 | Ossuary  | 3115 ||| READING 4 scrolls of identify.
  3115 | Ossuary  | 3115 ||| IDENTIFYING cyan potion
  3116 | Ossuary  | 3116 ||| DROPPING potion of invisibility.
  3117 | Ossuary  | 3117 ||| DROPPING potion of ambrosia.
  3126 | D:4      | 3126 ||| PLANNING D:1-11
  3172 | D:4      | 3172 ||| INVOKING Heroism.
  3179 | D:4      | Reached skill level 8 in Ranged Weapons
  3448 | D:4      | 3448 ||| INVOKING Heroism.
  3449 | D:4      | 3449 ||| INVOKING Heroism.
  3455 | D:4      | HP: 9/44 [ogre/+0 giant club (7)]
  3456 | D:4      | 3456 ||| READING scroll of teleportation.
  3457 | D:4      | 3457 ||| DRINKING potion of heal wounds.
  3710 | D:5      | Entered Level 5 of the Dungeon
  3715 | D:5      | 3715 ||| STAIRDANCE
  3747 | D:5      | 3747 ||| STAIRDANCE
  3782 | D:5      | Reached XP level 8. HP: 50/50 MP: 8/8
  3806 | D:5      | 3806 ||| Stepping ~*~*~tactically~*~*~ (outnumbered).
  3808 | D:5      | 3808 ||| Stepping ~*~*~tactically~*~*~ (outnumbered).
  3823 | D:5      | 3823 ||| FLEEEEING.
  3824 | D:5      | 3824 ||| FLEEEEING.
  3825 | D:5      | 3825 ||| FLEEEEING.
  3826 | D:5      | 3826 ||| FLEEEEING.
  3827 | D:5      | 3827 ||| FLEEEEING.
  3828 | D:5      | 3828 ||| FLEEEEING.
  3829 | D:5      | 3829 ||| FLEEEEING.
  3830 | D:5      | 3830 ||| FLEEEEING.
  3915 | D:5      | 3915 ||| INVOKING Heroism.
  4134 | D:5      | Found Paw Juqu's Firing Range.
  4142 | D:5      | 4142 ||| BUYING +0 arbalest (54 gold).
  4142 | D:5      | Bought a +0 arbalest for 54 gold pieces
  4142 | D:5      | 4142 ||| BUYING +0 hand cannon (42 gold).
  4142 | D:5      | Bought a +0 hand cannon for 42 gold pieces
  4142 | D:5      | 4142 ||| SWAPPING to +0 hand cannon.
  4143 | D:5      | 4143 ||| DROPPING +0 arbalest.
  4144 | D:5      | 4144 ||| DROPPING +0 shortbow.
  4181 | D:5      | Noticed Ijyb
  4189 | D:5      | Killed Ijyb
  4336 | D:5      | 4336 ||| INVOKING Heroism.
  4341 | D:5      | Reached skill level 9 in Ranged Weapons
  4358 | D:5      | Found Xaffim's Book Shop.
  4483 | D:5      | 4483 ||| READING scroll labelled UTATWI JIWA.
  4484 | D:5      | 4484 ||| READING scroll labelled EKYIZA PUETASM.
  4485 | D:5      | 4485 ||| READING 3 scrolls of identify.
  4485 | D:5      | 4485 ||| IDENTIFYING red potion
  4486 | D:5      | 4486 ||| READING 2 scrolls of identify.
  4486 | D:5      | 4486 ||| IDENTIFYING murky grey potion
  4487 | D:5      | 4487 ||| DROPPING potion of attraction.
  4521 | D:6      | Found a hazy altar of Hepliaklqana.
  4565 | D:6      | 4565 ||| RETREATING.
  4568 | D:6      | 4568 ||| Stepping ~*~*~tactically~*~*~ (retreating).
  4568 | D:6      | Noticed Pikel
  4569 | D:6      | 4569 ||| Stepping ~*~*~tactically~*~*~ (retreating).
  4570 | D:6      | 4570 ||| Stepping ~*~*~tactically~*~*~ (retreating).
  4574 | D:6      | Reached skill level 6 in Fighting
  4574 | D:6      | 4574 ||| INVOKING Heroism.
  4577 | D:6      | 4577 ||| Stepping ~*~*~tactically~*~*~ (retreating).
  4578 | D:6      | 4578 ||| Stepping ~*~*~tactically~*~*~ (retreating).
  4584 | D:6      | HP: 9/51 [Pikel/+1 whip of freezing (4)]
  4586 | D:6      | Killed Pikel
  4587 | D:6      | Reached skill level 10 in Ranged Weapons
  4587 | D:6      | Reached XP level 9. HP: 11/55 MP: 7/9
  4588 | D:6      | 4588 ||| INVOKING Heroism.
  4595 | D:6      | Reached skill level 1 in Invocations
  4597 | D:6      | 4597 ||| INVOKING Heroism.
  4602 | D:6      | HP: 14/56 [killer bee zombie (3)]
  4780 | D:6      | 4780 ||| INVOKING Heroism.
  4850 | D:6      | Noticed Menkaure
  4851 | D:6      | 4851 ||| INVOKING Heroism.
  4854 | D:6      | Killed Menkaure
  4950 | D:6      | Reached skill level 3 in Invocations
  5007 | D:6      | 5007 ||| FLEEEEING.
  5008 | D:6      | 5008 ||| FLEEEEING.
  5302 | D:6      | 5302 ||| READING 2 scrolls of identify.
  5302 | D:6      | 5302 ||| IDENTIFYING murky purple potion
  5332 | D:7      | 5332 ||| STAIRDANCE
  5370 | D:7      | 5370 ||| STAIRDANCE
  5383 | D:7      | 5383 ||| STAIRDANCE
  5408 | D:7      | 5408 ||| STAIRDANCE
  5488 | D:7      | 5488 ||| STAIRDANCE
  5601 | D:7      | 5601 ||| STAIRDANCE
  5631 | D:7      | 5631 ||| STAIRDANCE
  5703 | D:7      | 5703 ||| STAIRDANCE
  5747 | D:7      | 5747 ||| STAIRDANCE
  5871 | D:7      | 5871 ||| INVOKING Heroism.
  5921 | D:7      | Found a staircase to the Ecumenical Temple.
  5921 | D:7      | Noticed Jeremiah
  5923 | D:7      | 5923 ||| RETREATING.
  5931 | D:7      | Reached skill level 11 in Ranged Weapons
  5933 | D:7      | 5933 ||| INVOKING Heroism.
  5947 | D:7      | HP: 12/57 [Jeremiah/divine providence (16)]
  5948 | D:7      | 5948 ||| READING 2 scrolls of teleportation.
  5949 | D:7      | 5949 ||| DRINKING potion of heal wounds.
  5953 | D:7      | 5953 ||| RETREATING.
  5960 | D:7      | 5960 ||| INVOKING Heroism.
  5968 | D:7      | Reached skill level 3 in Dodging
  5975 | D:7      | HP: 12/57 [orc/+0 mace (4)]
  5975 | D:7      | HP: 5/57 [steam dragon (7)]
  5976 | D:7      | 5976 ||| READING scroll of teleportation.
  6028 | D:7      | Noticed Duvessa
  6029 | D:7      | 6029 ||| INVOKING Heroism.
  6033 | D:7      | Killed Duvessa
  6034 | D:7      | Reached skill level 3 in Armour
  6035 | D:7      | Noticed Dowan
  6038 | D:7      | Killed Dowan
  6046 | D:7      | 6046 ||| INVOKING Heroism.
  6049 | D:7      | Reached XP level 10. HP: 21/64 MP: 10/13
  6107 | D:7      | 6107 ||| INVOKING Heroism.
  6475 | D:7      | 6475 ||| FLEEEEING.
  6476 | D:7      | 6476 ||| FLEEEEING.
  6477 | D:7      | 6477 ||| FLEEEEING.
  6493 | D:7      | 6493 ||| FLEEEEING.
  6513 | D:7      | 6513 ||| RETREATING.
  6515 | D:7      | 6515 ||| INVOKING Heroism.
  6524 | D:7      | HP: 7/64 [Jeremiah/divine providence (10)]
  6525 | D:7      | 6525 ||| READING scroll of teleportation.
  6554 | D:7      | 6554 ||| FLEEEEING.
  6555 | D:7      | 6555 ||| FLEEEEING.
  6556 | D:7      | 6556 ||| FLEEEEING.
  6557 | D:7      | 6557 ||| FLEEEEING.
  6560 | D:7      | 6560 ||| FLEEEEING.
  6561 | D:7      | 6561 ||| FLEEEEING.
  6562 | D:7      | 6562 ||| FLEEEEING.
  6565 | D:7      | 6565 ||| FLEEEEING.
  6566 | D:7      | 6566 ||| FLEEEEING.
  6567 | D:7      | 6567 ||| FLEEEEING.
  6570 | D:7      | 6570 ||| FLEEEEING.
  6571 | D:7      | 6571 ||| FLEEEEING.
  6572 | D:7      | 6572 ||| FLEEEEING.
  6573 | D:7      | 6573 ||| FLEEEEING.
  6576 | D:7      | 6576 ||| STAIRDANCE
  6712 | D:6      | 6712 ||| UPGRADING to +3 leather armour of cold resistance.
  6722 | D:6      | 6722 ||| DROPPING +0 ring mail.
  6752 | D:7      | 6752 ||| INVOKING Heroism.
  6819 | D:7      | 6819 ||| INVOKING Heroism.
  6822 | D:7      | Killed Jeremiah
  6970 | D:7      | Found a stormy altar of Qazlal.
  7225 | D:8      | 7225 ||| STAIRDANCE
  7243 | D:8      | 7243 ||| STAIRDANCE
  7324 | D:8      | 7324 ||| STAIRDANCE
  7401 | D:8      | 7401 ||| INVOKING Heroism.
  7403 | D:8      | 7403 ||| RETREATING.
  7408 | D:8      | Reached skill level 12 in Ranged Weapons
  7653 | D:8      | 7653 ||| Stepping ~*~*~tactically~*~*~ (outnumbered).
  7773 | D:8      | 7773 ||| Stepping ~*~*~tactically~*~*~ (outnumbered).
  7775 | D:8      | 7775 ||| Stepping ~*~*~tactically~*~*~ (outnumbered).
  7966 | D:8      | Found a basalt altar of Yredelemnul.
  7991 | D:8      | 7991 ||| INVOKING Heroism.
  8135 | D:8      | 8135 ||| UPGRADING to +1 pair of boots.
  8140 | D:8      | 8140 ||| DRINKING 2 inky potions.
  8141 | D:8      | 8141 ||| READING 2 scrolls of identify.
  8141 | D:8      | 8141 ||| IDENTIFYING fizzy black potion
  8142 | D:8      | 8142 ||| DROPPING potion of berserk rage.
  8213 | D:9      | 8213 ||| READING scroll of enchant armour.
  8213 | D:9      | 8213 ||| ENCHANTING +1 pair of boots.
  8251 | D:9      | 8251 ||| RETREATING.
  8261 | D:9      | 8261 ||| Stepping ~*~*~tactically~*~*~ (retreating).
  8262 | D:9      | 8262 ||| Stepping ~*~*~tactically~*~*~ (retreating).
  8263 | D:9      | 8263 ||| Stepping ~*~*~tactically~*~*~ (retreating).
  8274 | D:9      | 8274 ||| INVOKING Heroism.
  8368 | D:9      | Reached ** piety under Okawaru
  8383 | D:9      | Reached skill level 13 in Ranged Weapons
  8489 | D:9      | 8489 ||| Stepping ~*~*~tactically~*~*~ (outnumbered).
  8532 | D:9      | 8532 ||| INVOKING Heroism.
  8619 | D:9      | Found a white marble altar of Elyvilon.
  8788 | D:9      | 8788 ||| FLEEEEING.
  8789 | D:9      | 8789 ||| FLEEEEING.
  9052 | D:9      | Reached skill level 9 in Fighting
  9052 | D:9      | Reached XP level 11. HP: 71/71 MP: 14/14
  9190 | D:9      | 9190 ||| INVOKING Heroism.
  9561 | D:9      | 9561 ||| READING scroll labelled GOS URIHOUSO.
  9616 | D:10     | Entered Level 10 of the Dungeon
  9636 | D:10     | Noticed an angel
  9639 | D:10     | Found a glowing silver altar of Zin.
  9640 | D:10     | Found a shimmering altar of Xom.
  9669 | D:10     | Found an opulent altar of Gozag.
  9670 | D:10     | Found a sparkling altar of Nemelex Xobeh.
  9700 | D:10     | Found Ytuguk's Antique Armour Boutique.
  9707 | D:10     | 9707 ||| BUYING embroidered scarf (256 gold).
  9707 | D:10     | Bought an embroidered scarf for 256 gold pieces
  9715 | D:10     | Found a staircase to the Lair.
  9716 | D:10     | Noticed a death yak
  9716 | D:10     | Noticed a death yak
  9716 | D:10     | Noticed a death yak
  9716 | D:10     | Noticed a death yak
  9716 | D:10     | Noticed a death yak
  9716 | D:10     | Noticed a death yak
  9717 | D:10     | 9717 ||| RETREATING.
  9731 | D:10     | 9731 ||| INVOKING Heroism.
  9732 | D:10     | 9732 ||| Stepping ~*~*~tactically~*~*~ (retreating).
  9740 | D:10     | Killed a death yak
  9742 | D:10     | HP: 8/71 [death yak (13)]
  9743 | D:10     | 9743 ||| READING scroll of teleportation.
  9743 | D:10     | Slain by a death yak

Levels and vault maps discovered:
D:1:      minmay_arrival_four_houses, layout_rooms
D:2:      minmay_alternating_diamond, layout_basic, serial_shops,
          nicolae_shop_tiny_glass, grunt_decor_mini_mirrors
D:3:      layout_loops_ring, minitemple, serial_shops, shop
D:4:      layout_basic, enter_ossuary_4, minmay_misc_feat_columns, st_stairs_13
D:5:      layout_cave_pools, serial_column_ruins, column_ruins_hut_pillars,
          column_ruins_hut_ruined, column_ruins_grid_1, column_ruins_open_large,
          column_ruins_grid_2, column_ruins_columns_straight,
          column_ruins_grid_1, column_ruins_grid_1, serial_shops, shop,
          nicolae_shop_firing_range, uniq_ijyb
D:6:      layout_loops_cross, mainiacjoe_overflow_catwalk, serial_undead,
          serial_undead_f, serial_undead_a, serial_undead_c, serial_undead_b,
          serial_undead_e, serial_undead_a, serial_undead_f, uniq_pikel,
          uniq_menkaure
D:7:      layout_basic, kennysheep_mini_moat,
          minmay_temple_entry_statues_fountains, centaur_isle, uniq_duvessa,
          uniq_jeremiah
D:8:      layout_rooms, lemuel_tele_altar, chequers_serial_rivers_large_b
D:9:      layout_grid_maze, general_overflow_altar
D:10:     layout_irregular_city, grunt_temple_overflow_opulence,
          grunt_temple_overflow_order_and_chaos_1,
          mainiacjoe_overflow_surrounded_room, dpeg_lair_monsters,
          ebering_ghost_xom, serial_shops, shop,
          nicolae_shop_just_a_little_nook, nicolae_shop_hallway_plus, shop,
          uniq_erica

Skill      XL: |  1  2  3  4  5  6  7  8  9 10 |
---------------+-------------------------------+-----
Ranged Weapons | 5 6 7 8 10 11 13 | 13.6
Fighting       | 3 4 5 6 7 9 |  9.0
Armour         | 1 2 3 |  3.6
Dodging        | 2 3 4 |  4.0
Invocations    | 4 |  4.0
Stealth        | |  1.1

Action                     |  1- 3 |  4- 6 |  7- 9 | 10-12 || total
---------------------------+-------+-------+-------+-------++-------
   Fire: Shortbow          |   129 |   238 |   228 |       ||   595
         Hand cannon       |       |       |   161 |   256 ||   417
 Invoke: Heroism           |       |       |    15 |    10 ||    25
    Use: Scroll            |     2 |     7 |    10 |     5 ||    24
         Potion            |       |     1 |     3 |     1 ||     5
 Armour: Leather armour    |    32 |     1 |       |   180 ||   213
         Ring mail         |       |   116 |   268 |    16 ||   400
  Dodge: Dodged            |    26 |    73 |   189 |   195 ||   483

Table legend:
 A = Non-vault XP
 B = Vault XP
 C = Vault XP percentage of total XP
 D = Non-vault monster count
 E = Vault monster count
 F = Vault count percentage of total count
                 A         B        C        D         E       F
            +---------+---------+-------+---------+---------+-------
      Total |    7044 |    3483 |  33.1 |     208 |      52 |  20.0
            +---------+---------+-------+---------+---------+-------
        D:1 |      30 |       0 |   0.0 |      17 |       0 |   0.0
        D:2 |     205 |       4 |   1.9 |      27 |       2 |   6.9
        D:3 |      61 |       0 |   0.0 |      22 |       0 |   0.0
        D:4 |     392 |       4 |   1.0 |      21 |       3 |  12.5
        D:5 |     495 |      36 |   6.8 |      20 |       1 |   4.8
        D:6 |     651 |    1240 |  65.6 |      16 |      11 |  40.7
        D:7 |    1604 |     943 |  37.0 |      32 |       6 |  15.8
        D:8 |    1251 |       0 |   0.0 |      23 |       0 |   0.0
        D:9 |    2355 |       0 |   0.0 |      30 |       0 |   0.0
       D:10 |       0 |     781 | 100.0 |       0 |       1 | 100.0
    Ossuary |       0 |     475 | 100.0 |       0 |      28 | 100.0
            +---------+---------+-------+---------+---------+-------
